 Dungeon Crawl Stone Soup version 0.20-a0-540-ge6d1839 (webtiles) character file.

7034 Duffy the Cleaver (level 11, 0/90 HPs)
             Began as a Naga Fighter on Jan 29, 2017.
             Was a Believer of Makhleb.
             Slain by an orc warrior
             ... wielding a +0 trident
              (3 damage)
             ... on level 10 of the Dungeon.
             The game lasted 00:15:31 (13598 turns).

Duffy the Cleaver (Naga Fighter)                   Turns: 13598, Time: 00:15:32

Health: 0/90       AC: 13    Str: 24    XL:     11   Next: 8%
Magic:  14/14      EV:  4    Int:  8    God:    Makhleb [**....]
Gold:   243        SH: 12    Dex: 11    Spells: 10/10 levels left

rFire    . . .     SeeInvis +   a - +1 war axe
rCold    . . .     Gourm    .   z - +0 plate armour "Vubua" {Str+2}
rNeg     + . .     Faith    .   c - +0 shield
rPois    +         Spirit   .   l - +0 helmet
rElec    .         Reflect  .   (no cloak)
rCorr    .         Harm     .   B - +0 pair of gloves
MR       +....                  (no barding)
Stlth    ..........             (no amulet)
Regen    0.3/turn               (no ring)
                                g - ring of positive energy

@: very slow
A: stinger 1, see invisible, deformed body, poison resistance, slowness 2, slow
metabolism 1, spit poison 1, AC +3
a: Spit Poison, Minor Destruction, Renounce Religion


You were on level 10 of the Dungeon.
You worshipped Makhleb.
Makhleb was pleased with you.
You were hungry.

You visited 2 branches of the dungeon, and saw 11 of its levels.

You collected 490 gold pieces.
You spent 247 gold pieces at shops.

Inventory:

Hand Weapons
 a - a +1 war axe (weapon)
 x - a +0 morningstar of freezing
Armour
 c - a +0 shield (worn)
 l - a +0 helmet (worn)
 z - the +0 plate armour "Vubua" (worn) {Str+2}
   (You took it off an orc on level 8 of the Dungeon)

   It affects your strength (+2).
 B - a +0 pair of gloves (worn)
Jewellery
 g - a ring of positive energy (left hand)
Wands
 i - a wand of acid (6/15)
Scrolls
 b - 4 scrolls of teleportation
 e - a scroll of enchant armour
 m - a scroll of remove curse
 o - a scroll of recharging
 q - a scroll of enchant weapon
 t - 4 scrolls of magic mapping
 u - a scroll of blinking
 v - 3 scrolls of identify
 w - a scroll of fog
 y - a scroll of brand weapon
Potions
 d - 3 potions of might
 k - a potion of flight
 p - a potion of cure mutation
 r - 2 potions of curing
 s - a potion of agility
Comestibles
 f - 14 bread rations
 h - 3 meat rations
 j - 14 fruits
 n - 2 royal jellies
 A - 6 chunks of flesh


   Skills:
 - Level 3.0 Fighting
 + Level 11.6 Axes
 + Level 4.7 Armour
 - Level 9.0 Shields
 - Level 4.0 Invocations


You had 10 spell levels left.
You didn't know any spells.

Dungeon Overview and Level Annotations

Branches:
Dungeon (10/15)            Temple (1/1) D:6
   Lair: D:8-11         Orc: D:9-12

Altars:
Ashenzari
Cheibriados
Dithmenos
Elyvilon
Fedhas
Gozag
Hepliaklqana
Kikubaaqudgha
Makhleb
Nemelex Xobeh
Okawaru
Qazlal
Ru
Sif Muna
Trog
Uskayaw
Vehumet
Xom
Yredelemnul
Zin
The Shining One

Shops:
D:6 ?

Annotations:
D:7 exclusion: ice statue
D:10 Harold


Innate Abilities, Weirdness & Mutations

You cannot wear boots.
Your serpentine skin is tough. (AC +3)
You have supernaturally acute eyesight. (SInv)
Armour fits poorly on your strangely shaped body.
Your system is resistant to poisons. (rPois)
You cover ground very slowly.
You have a slow metabolism.
You can spit poison.
Your tail ends in a poisonous barb.


Message History

The orc warrior hits you with a trident!
You hit the orc warrior but do no damage.
The orc warrior is severely wounded.
You have got your breath back.
The orc warrior hits you with a trident!
You closely miss the orc warrior.
The orc warrior is severely wounded.
You hit the orc warrior but do no damage.
The orc warrior is severely wounded.
You block the orc warrior's attack.
You hit the orc warrior but do no damage.
The orc warrior is severely wounded.
The orc warrior hits you with a trident.
You hit the orc warrior but do no damage.
The orc warrior is severely wounded.
You block the orc warrior's attack.
You hit the orc warrior.
The orc warrior is almost dead.
The orc warrior hits you with a trident.
You die...

.............)..........
............)...........
........................
...........#............
...........###..........
...........###..##......
......^.%.###....##.....
........).#......##.....
.......@......##..##....
......o......###........
............## #..####..
...........## #..## ###
........#..# #..## #
.......###...... ......#
#.##.. ..#### .####


You could see an orc warrior.

Vanquished Creatures
  A two-headed ogre (D:10)
  An ugly thing (D:8)
  2 hippogriffs (D:10)
  Sigmund (D:2)
  A spriggan (D:8)
  A hungry ghost (D:9)
  Menkaure (D:7)
  The ghost of XO4YCPATb the Stinger, an amateur GrVM (D:3)
  Duvessa (D:7)
  3 sky beasts
  5 orc warriors
  An eye of draining (D:8)
  3 black bears
  2 phantoms
  An ice beast (D:5)
  8 ogres
  A necrophage (D:9)
  3 centaurs
  A big kobold (D:9)
  3 bullfrogs (D:6)
  A gnoll sergeant (D:9)
  Dowan (D:7)
  7 scorpions
  A killer bee (D:7)
  3 wights (D:9)
  4 howler monkeys
  5 crimson imps
  6 hounds
  2 jellies
  A bullfrog skeleton (D:8)
  4 orc priests
  7 orc wizards
  6 iguanas
  4 worker ants
  A hound skeleton (D:8)
  A worker ant zombie (D:10)
  Robin (D:2)
  A howler monkey zombie (D:9)
  14 adders
  9 gnolls
  A howler monkey skeleton (D:4)
  3 shadow imps
  2 oozes
  An adder zombie (D:9)
  2 adder skeletons
  A worm (D:2)
  2 dart slugs
  3 leopard geckos
  44 orcs
  A ball python (D:4)
  6 giant cockroaches
  15 goblins
  18 hobgoblins
  28 jackals
  3 quokkas
  2 bats
  2 frilled lizards
  2 jackal skeletons
  A jackal zombie (D:5)
  16 kobolds
  A quokka skeleton (D:9)
  9 rats
283 creatures vanquished.

Notes
Turn   | Place    | Note
-------+----------+-------------------------------------------
     0 | D:1      | Duffy the Naga Fighter began the quest for the Orb.
     0 | D:1      | Reached XP level 1. HP: 21/21 MP: 1/1
   294 | D:1      | Reached XP level 2. HP: 22/28 MP: 2/2
   715 | D:1      | Reached XP level 3. HP: 28/34 MP: 3/3
  1035 | D:2      | Noticed Robin
  1058 | D:2      | Killed Robin
  1058 | D:2      | Reached skill level 3 in Axes
  1260 | D:2      | Reached XP level 4. HP: 42/42 MP: 4/4
  1621 | D:2      | Found a bloodstained altar of Trog.
  1733 | D:2      | Found a hazy altar of Hepliaklqana.
  1752 | D:2      | Noticed Sigmund
  1774 | D:3      | Found a radiant altar of Vehumet.
  1917 | D:3      | Noticed XO4YCPATb's ghost (amateur GrVM)
  1970 | D:2      | Killed Sigmund
  1970 | D:2      | Reached skill level 4 in Axes
  1970 | D:2      | Reached XP level 5. HP: 30/49 MP: 5/5
  1970 | D:2      | Reached XP level 6. HP: 35/56 MP: 6/6
  2679 | D:4      | Reached skill level 5 in Axes
  2995 | D:4      | Reached XP level 7. HP: 62/62 MP: 7/7
  3379 | D:4      | Reached skill level 5 in Shields
  3479 | D:5      | Entered Level 5 of the Dungeon
  3673 | D:4      | Gained mutation: Your tail ends in a poisonous barb. [potion of beneficial mutation]
  3718 | D:4      | Reached skill level 6 in Axes
  4584 | D:5      | Reached XP level 8. HP: 58/69 MP: 8/8
  4652 | D:5      | Found a shadowy altar of Dithmenos.
  4860 | D:5      | Found a basalt altar of Yredelemnul.
  4879 | D:5      | Reached skill level 7 in Axes
  5898 | D:6      | Found a shimmering altar of Xom.
  5919 | D:6      | Reached skill level 8 in Axes
  6026 | D:6      | Reached XP level 9. HP: 57/75 MP: 9/9
  6726 | D:6      | Found a staircase to the Ecumenical Temple.
  6763 | Temple   | Entered the Ecumenical Temple
  7030 | Temple   | Became a worshipper of Makhleb the Destroyer
  7141 | D:6      | Reached skill level 9 in Axes
  7151 | D:6      | Found Fuibluitz's Magic Scroll Shop.
  7160 | D:6      | Bought a scroll of teleportation for 45 gold pieces
  7160 | D:6      | Bought a scroll of magic mapping for 52 gold pieces
  7160 | D:6      | Bought a scroll of identify for 30 gold pieces
  7160 | D:6      | Bought a scroll of identify for 30 gold pieces
  7160 | D:6      | Bought a scroll of identify for 30 gold pieces
  7160 | D:6      | Bought a scroll of identify for 30 gold pieces
  7517 | D:3      | Killed XO4YCPATb's ghost
  7915 | D:3      | Reached * piety under Makhleb
  8018 | D:6      | Bought a scroll of fog for 30 gold pieces
  8673 | D:7      | Noticed Menkaure
  8680 | D:7      | Killed Menkaure
  9116 | D:7      | Noticed an ice statue
  9228 | D:7      | Noticed Dowan
  9237 | D:7      | Noticed Duvessa
  9790 | D:8      | Noticed a purple ugly thing
 10090 | D:8      | Reached skill level 10 in Axes
 10090 | D:8      | Reached XP level 10. HP: 81/84 MP: 10/10
 10478 | D:8      | Found a white marble altar of Elyvilon.
 10483 | D:8      | Found an iron altar of Okawaru.
 10518 | D:8      | Killed a purple ugly thing
 10588 | D:8      | Got a transparent plate armour
 10796 | D:8      | Identified the cursed +0 plate armour "Vubua" {Str+2} (You took it off an orc on level 8 of the Dungeon)
 11238 | D:7      | Killed Duvessa
 11240 | D:7      | Killed Dowan
 11613 | D:7      | Found an opulent altar of Gozag.
 11614 | D:7      | Found a sparkling altar of Nemelex Xobeh.
 11835 | D:9      | Reached ** piety under Makhleb
 11848 | D:9      | Found a blossoming altar of Fedhas.
 11968 | D:9      | Reached skill level 11 in Axes
 12289 | D:9      | Found a hide-covered altar of Uskayaw.
 12335 | D:9      | Reached skill level 1 in Invocations
 12336 | D:9      | HP: 4/84 [gnoll sergeant/vampiric spear (7)]
 13073 | D:10     | Entered Level 10 of the Dungeon
 13402 | D:10     | Noticed Harold
 13562 | D:10     | Noticed a two-headed ogre
 13572 | D:10     | Killed a two-headed ogre
 13572 | D:10     | Reached XP level 11. HP: 39/90 MP: 12/14
 13596 | D:10     | HP: 3/90 [orc warrior/trident (4)]
 13598 | D:10     | Slain by an orc warrior

Vault maps used:
D:1:      minmay_arrival_glassed_features
D:2:      wad_lake_hut, lemuel_doored_altar, nicolae_overflow_crystal_walls,
          uniq_sigmund, uniq_robin
D:3:      vehumet_crystals
D:4:      first_bread, minmay_surrounded
D:5:      lemuel_round_altar, old_standard_altar
D:6:      kennysheep_mini, minmay_temple_entry_fiery, serial_shops, shop_scrolls
D:7:      lemuel_ice_statue, grunt_temple_overflow_opulence, uniq_menkaure,
          uniq_duvessa
D:8:      minitemple, the_bakery, minmay_radiant
D:9:      lemuel_round_altar, basic_altar
D:10:     basic_altar, serial_shops, shop, uniq_harold
Temple:   dpeg_chambers_temple

Skill      XL: |  1  2  3  4  5  6  7  8  9 10 |
---------------+-------------------------------+-----
Shields        | 3 4 5 6 8 9 |  9.0
Axes           | 3 4 5 6 8 10 11 | 11.6
Armour         | 4 |  4.7
Invocations    | 4 |  4.0
Fighting       | |  3.0

Action                   |  1- 3 |  4- 6 |  7- 9 | 10-12 || total
-------------------------+-------+-------+-------+-------++-------
Melee: War axe           |    87 |   160 |   547 |   322 ||  1116
       Tailslap          |       |       |    63 |    55 ||   118
 Abil: Spit Poison       |     8 |    17 |    24 |    12 ||    61
  Use: Scroll            |       |     2 |    15 |     3 ||    20
       Potion            |       |       |     3 |     1 ||     4
  Eat: Chunk             |     1 |     5 |    18 |     5 ||    29
       Royal jelly       |       |       |     2 |       ||     2
       Meat ration       |       |       |       |     1 ||     1
       Bread ration      |       |       |       |     1 ||     1
Armor: Scale mail        |    38 |    92 |    44 |       ||   174
       Chain mail        |       |       |   195 |    21 ||   216
       Plate armour      |       |       |       |    99 ||    99
Dodge: Dodged            |    21 |    46 |   101 |    42 ||   210
Block: Shield            |    39 |    89 |   282 |   186 ||   596
